 Dungeon Crawl Stone Soup version 0.28-a0-1447-ga5a8893891 (webtiles) character file.

Game seed: 4513802881451610700

107 shadowrider38 the Skirmisher (level 4, -2/48 HPs)
             Began as an Ogre Transmuter on Jan 10, 2022.
             Slain by Edmund (8 damage)
             ... on level 4 of the Dungeon.
             The game lasted 00:04:38 (3948 turns).

shadowrider38 the Skirmisher (Ogre Transmuter)      Turns: 3948, Time: 00:04:38

Health: -2/48      AC:  6    Str: 20    XL:     4   Next: 85%
Magic:  7/7        EV: 13    Int: 16    God:
Gold:   57         SH:  0    Dex:  9    Spells: 6/7 levels left

rFire   . . .      SeeInvis .     - Unarmed
rCold   . . .      Faith    .   r - orb {light}
rNeg    . . .      Spirit   .   a - +0 robe
rPois   .          Reflect  .   (helmet currently unavailable)
rElec   .          Harm     .   h - +2 cloak
rCorr   .          Rampage  .   (gloves unavailable)
Will    .....                   (boots unavailable)
Stlth   +.........              q - amulet of magic regeneration
HPRegen 0.16/turn               p - +4 ring of evasion
MPRegen 0.50/turn               n - +6 ring of strength

@: appendages, glowing
A: horns 2, talons 2, large, unfitting armour, tough skin 1
a: End Transformation


You were on level 4 of the Dungeon.
You had temporarily grown beastly horns and talons.
You visited 1 branch of the dungeon, and saw 4 of its levels.

You collected 57 gold pieces.

Inventory:

Missiles
 i - 17 poisoned darts
 j - 2 javelins
Armour
 a - a +0 robe (worn)
 h - a +2 cloak (worn)
 r - an orb of light (worn)
Jewellery
 n - a +6 ring of strength (right hand)
 p - a +4 ring of evasion (left hand)
 q - an amulet of magic regeneration (around neck)
Scrolls
 b - a scroll of noise {unknown}
 c - 2 scrolls of identify {unknown}
 d - 2 scrolls of teleportation {unknown}
 g - a scroll of fear {unknown}
 l - a scroll of fog {unknown}
Potions
 e - a potion of might {unknown}
 f - a potion of heal wounds {unknown}
 k - a potion of curing {unknown}
 m - 2 potions of lignification {unknown}
 o - 2 potions of flight {unknown}


   Skills:
 - Level 4.0 Fighting
 - Level 1.7 Dodging
 - Level 2.6 Unarmed Combat
 - Level 2.4 Spellcasting
 + Level 3.5 Transmutations


You had 6 spell levels left.
You knew the following spells:

 Your Spells              Type           Power      Damage    Failure   Level
a - Beastly Appendage     Tmut           26%        N/A       4%          1

Your spell library contained the following spells:

 Spells                   Type           Power      Damage    Failure   Level
 Wereblood                Tmut           13%        N/A       7%          2
 Spider Form              Tmut/Pois      7%         N/A       28%         3
 Ice Form                 Ice/Tmut       7%         N/A       67%         4


Dungeon Overview and Level Annotations

Branches:
Dungeon (4/15)
 Temple: D:4-7

Altars:
Elyvilon

Shops:
D:1 [

Annotations:
D:3 1 runed translucent door, Crazy Yiuf
D:4 Edmund


Innate Abilities, Weirdness & Mutations

You have temporarily grown beastly horns and talons.
You are too large for most types of armour.
You have tough skin. (AC +1)


Message History

Edmund shouts!
Edmund gestures with his flail.
Edmund is nearby!
Edmund is nearby!
Casting: Beastly Appendage (safe; 4% risk of failure)
Press: ? - help, Q - select action, (/) - cycle Dir - look around, f - activate You grow a pair of large bovine horns.
Your feet morph into talons.
Edmund closely misses you.
You hit Edmund but do no damage. You claw Edmund.
Edmund is lightly wounded.
Edmund barely misses you.
You hit Edmund but do no damage. You claw Edmund, but do no damage.
Edmund is lightly wounded.
Edmund hits you with a +0 dire flail of protection!
You hit Edmund but do no damage. You claw Edmund, but do no damage.
Edmund is lightly wounded.
Edmund misses you.
You barely miss Edmund. You claw Edmund, but do no damage.
You headbutt Edmund, but do no damage.
Edmund is lightly wounded.
Edmund hits you but does no damage.
You hit Edmund but do no damage. You claw Edmund.
You headbutt Edmund, but do no damage.
Edmund is lightly wounded.
Edmund closely misses you.
You barely miss Edmund.
Edmund is lightly wounded.
Edmund hits you with a +0 dire flail of protection!
You barely miss Edmund.
Edmund is lightly wounded.
Edmund hits you with a +0 dire flail of protection!
You hit Edmund but do no damage. You claw Edmund.
Edmund is lightly wounded.
Edmund hits you with a +0 dire flail of protection!
* * * LOW HITPOINT WARNING * * *
You hit Edmund but do no damage. You claw Edmund, but do no damage.
Your headbutt misses Edmund.
Edmund is lightly wounded.
Edmund hits you with a +0 dire flail of protection!
You die...

#.. .. .# #.. #. .# #..
#. .# #.. #. .# #.. #.
#.### #.. #. #... . #
#.. ######$##.#
###.######..
.......@..#...#...#.....
######@#..#.8...8...8..#
#.#..#...#...#....#
#.#..##.###.###.#.#
#.#......#...#....#
#.#.##.8...8...8.##
#.#.##...#...#...##
#.#.###.###.###...#
#.##...#...#....#


You could see Edmund.

Vanquished Creatures
  3 adders
  An adder skeleton (D:2)
  A worm (D:2)
  A dart slug (D:3)
  8 ball pythons
  7 endoplasms
  A giant cockroach (D:1)
  7 goblins
  8 hobgoblins
  6 jackals
  5 quokkas
  5 bats
  6 frilled lizards
  5 kobolds
  A rat (D:2)
65 creatures vanquished.

Notes
Turn   | Place    | Note
-------+----------+-------------------------------------------
     0 | D:1      | shadowrider38 the Ogre Transmuter began the quest for the
                  | Orb.
     0 | D:1      | Reached XP level 1. HP: 19/19 MP: 3/3
    31 | D:1      | Reached skill level 2 in Fighting
   348 | D:1      | Found Zif Cyify's Armour Boutique.
   357 | D:1      | Reached XP level 2. HP: 20/29 MP: 5/5
   460 | D:1      | Reached skill level 3 in Fighting
   762 | D:1      | Reached XP level 3. HP: 30/39 MP: 6/6
  1193 | D:1      | Reached skill level 4 in Fighting
  1599 | D:2      | Found a faded altar of an unknown god.
  2027 | D:2      | Reached XP level 4. HP: 46/48 MP: 7/7
  3113 | D:3      | Found a white marble altar of Elyvilon.
  3266 | D:3      | Found a runed translucent door.
  3267 | D:3      | Noticed Crazy Yiuf
  3938 | D:4      | Noticed Edmund
  3948 | D:4      | Slain by Edmund

Illustrated notes

Levels and vault maps discovered:
D:1:      lemuel_arrival_rhombus, layout_basic, serial_shops, shop
D:2:      layout_loops_ring, shapermc_ecumenical_altar_totnotflames
D:3:      layout_loops_ring, elyvilon_altar_3, uniq_crazy_yiuf_cottage
D:4:      layout_basic, gammafunk_temple_overflow_wave,
          worldfamousw_hep_ancestral_shrine, minmay_misc_feat_four_crosses,
          uniq_edmund

Skill      XL: |  1  2  3  4 |
---------------+-------------+-----
Fighting       | 2 3 4 |  4.0
Transmutations | 2 3 |  3.5
Dodging        | |  1.7
Unarmed Combat | |  2.6
Spellcasting   | |  2.4

Action                   |  1- 3 |  4- 6 || total
-------------------------+-------+-------++-------
Melee: Unarmed           |   132 |   111 ||   243
       Kick              |     6 |     9 ||    15
       Punch             |     4 |     2 ||     6
       Headbutt          |    12 |     5 ||    17
 Cast: Beastly Appendage |    14 |     8 ||    22
Armor: Robe              |    56 |    30 ||    86
Dodge: Dodged            |    65 |    44 ||   109

Table legend: (Time is in decaauts)
 A = Elapsed time spent in this place.
 B = Non-inter-level travel time spent in this place.
 C = Inter-level travel time spent in this place.
 D = Time resting spent in this place.
 E = Time spent auto-exploring this place.
 F = Levels seen in this place.
 G = Mean time per level.
                   A        B        C        D        E       F      G
               +--------+--------+--------+--------+--------+-----+--------+
         Total |   3936 |   3590 |    346 |    393 |   2688 |   4 |  984.0 |
       Dungeon |   3936 |   3590 |    346 |    393 |   2688 |   4 |  984.0 |
               +--------+--------+--------+--------+--------+-----+--------+

Top non-repeatable levels by time:
     D:3: 1358 daAuts
     D:1: 1297 daAuts
     D:2: 1070 daAuts
     D:4: 209 daAuts
